Map: 死水之地 - 天梯版

Players

INnoVation

  • Race: Terran Terran
  • Spawn Location: 5:00

JinairRogue (Rogue) - Winner!

  • Race: Zerg Zerg
  • Spawn Location: 11:00

Event: 2018 Hangzhou StarCraft Carnival

VOD

Have the link to the VOD?

Description

Time

  • Played on: April 30, 2018, 6:39 a.m.
  • Length: 19:05

All games in this series

Show
View Real Time Build Order
Export as new Build Order

INnoVation Terran 

Build Orders: Reaper Expand, Mech 

Get SALT Encoding   

  12  0:00  SCV  
  13  0:12  SCV  
  14  0:16  Supply Depot  
  14  0:24  SCV  
  15  0:38  SCV  
  15  0:39  Barracks  
  16  0:43  Refinery  
  16  0:50  SCV  
  17  1:02  SCV  
  18  1:14  SCV  
  19  1:26  Orbital Command  
  19  1:27  Reaper  
  20  1:39  Command Center  
  20  1:50  Supply Depot  
  20  1:52  SCV  
  21  1:59  Marine  
  22  2:04  SCV  
  22  2:07  Factory  
  23  2:16  SCV  
  23  2:21  Barracks Reactor  
  24  2:28  SCV  
  25  2:40  SCV, Command Center  
  26  2:51  Orbital Command  
  26  2:53  SCV  
  26  2:58  Starport  
  26  3:01  Refinery  
  28  3:06  Hellion  
  28  3:07  SCV  
  28  3:12  Hellion  
  31  3:16  Barracks Tech Lab  
  31  3:17  SCV  
  31  3:19  SCV  
  33  3:29  SCV  
  33  3:31  SCV, Hellion  
  33  3:33  Hellion  
  39  3:40  Viking  
  41  3:42  SCV  
  41  3:43  SCV  
  43  3:51  Orbital Command  
  43  3:54  SCV  
  44  3:56  SCV  
  44  3:57  Refinery x2  
  45  4:05  Supply Depot  
  45  4:06  SCV  
  45  4:08  SCV  
  47  4:10  Raven  
  47  4:13  Hellion x2  
  53  4:18  SCV x2  
  53  4:20  SCV  
  56  4:26  Armory  
  56  4:30  SCV x2  
  58  4:32  SCV  
  58  4:33  Supply Depot  
  59  4:39  Armory  
  59  4:43  SCV x2  
  59  4:44  SCV  
  68  4:55  SCV x2  
  68  4:56  Supply Depot  
  68  4:58  SCV  
  71  5:04  Barracks Tech Lab  
  65  5:07  Factory x2  
  65  5:10  SCV x3  
  65  5:13  Refinery  
  68  5:14  Refinery  
  68  5:15  Terran Vehicle Weapons Level 1  
  68  5:19  Supply Depot  
  68  5:22  SCV x3  
  68  5:26  Starport Reactor  
  68  5:27  Supply Depot  
  68  5:28  Terran Vehicle And Ship Armor Level 1  
  71  5:34  SCV x2  
  71  5:35  SCV  
  74  5:42  Supply Depot  
  74  5:46  SCV x2  
  74  5:47  SCV  
  77  5:55  Supply Depot  
  77  5:58  Command Center  
  77  6:01  Thor x2  
  77  6:04  Medivac x2  
  91  6:07  SCV x3  
  96  6:12  Supply Depot  
  96  6:17  Supply Depot  
  96  6:20  Factory  
  96  6:22  Factory  
  96  6:24  SCV x2  
  96  6:25  SCV  
  99  6:36  SCV x2  
  99  6:37  SCV, Hellion x2  
  106  6:40  Engineering Bay  
  106  6:44  Siege Tank x2  
  106  6:45  Viking x2  
  116  6:54  SCV x3  
  119  7:02  Supply Depot  
  119  7:05  Supply Depot  
  119  7:06  Factory Tech Lab  
  119  7:07  Factory Reactor  
  119  7:09  Hellion x2  
  119  7:14  SCV x2  
  119  7:15  SCV  
  126  7:16  Siege Tank x2  
  132  7:27  Terran Vehicle And Ship Armor Level 2, Terran Vehicle Weapons Level 2  
  132  7:28  Refinery  
  130  7:33  Refinery, Hellion x2  
  130  7:34  SCV x3  
  130  7:36  Orbital Command  
  130  7:37  Viking  
  139  7:39  Viking  
  141  7:46  Thor x2  
  141  7:48  Siege Tank x2  
  139  8:00  Hellion x4  
  139  8:04  SCV x3  
  137  8:07  Viking  
  137  8:09  Viking  
  137  8:12  SCV  
  138  8:16  SCV x2  
  138  8:21  SCV  
  138  8:24  SCV, Missile Turret  
  140  8:28  SCV  
  140  8:30  Siege Tank x3  
  140  8:31  Hellion x3  
  140  8:34  Hellion  
  158  8:38  SCV x3  
  158  8:40  SCV  
  158  8:41  Supply Depot  
  162  8:43  Supply Depot x2, Viking  
  164  8:58  Infernal Pre-Igniter  
  164  9:02  Cyclone x2, Viking  
  172  9:03  Cyclone, Orbital Command  
  172  9:04  Supply Depot  
  172  9:05  Cyclone  
  172  9:06  Siege Tank x2  
  177  9:13  Siege Tank  
  177  9:21  Supply Depot x3  
  177  9:22  Supply Depot  
  175  9:37  Liberator  
  175  9:42  SCV  
  175  9:43  SCV x3, Liberator, Hellion x4  
  185  9:48  Siege Tank x3  
  194  9:55  SCV x3  
  196  10:00  SCV  
  196  10:05  Hellion x2  
  196  10:13  SCV x3, Hellion x2  
  194  10:15  SCV  
  194  10:18  Refinery x2  
  195  10:27  Command Center x2  
  188  10:38  Terran Vehicle Weapons Level 3  
  188  10:42  SCV x2  
  188  10:44  Siege Tank  
  188  10:48  Liberator  
  188  10:52  Liberator  
  188  10:58  Hellion  
  188  10:59  SCV  
  188  11:00  Hellion  
  188  11:01  Hellion  
  188  11:02  Siege Tank  
  188  11:03  SCV, Hellion  
  188  11:04  SCV x2  
  188  11:06  Hellion x3  
  188  11:09  Siege Tank  
  188  11:16  Supply Depot x2  
  188  11:18  Siege Tank  
  188  11:19  Hellion  
  188  11:30  Hellion  
  187  11:38  Siege Tank, Hellion x2  
  194  11:41  Siege Tank, Hellion  
  140  11:50  Siege Tank  
  140  11:51  Hellion  
  140  11:53  Terran Vehicle And Ship Armor Level 3  
  142  11:59  Planetary Fortress, Hellion x2  
  142  12:00  Orbital Command  
  142  12:03  SCV  
  142  12:04  SCV x3, Refinery  
  142  12:07  Liberator, Refinery  
  146  12:10  Siege Tank  
  146  12:13  Siege Tank  
  151  12:18  Hellion x2  
  151  12:21  Hellion x2  
  151  12:22  Siege Tank  
  159  12:29  Liberator  
  156  12:32  SCV x3  
  153  12:42  Siege Tank  
  156  12:45  Siege Tank  
  156  12:46  Hellion x4  
  156  12:49  SCV  
  156  12:50  SCV x4  
  175  12:54  Siege Tank  
  175  12:56  Command Center  
  178  13:05  Missile Turret  
  178  13:06  Missile Turret  
  178  13:12  Hellion x4  
  186  13:13  Starport x3  
  186  13:14  Siege Tank  
  186  13:17  Siege Tank  
  185  13:22  Viking  
  185  13:24  Orbital Command  
  185  13:26  Siege Tank  
  186  13:29  Viking  
  181  13:46  Siege Tank  
  181  13:49  Siege Tank, Hellion  
  181  13:50  Hellion x3  
  181  13:51  Refinery  
  181  13:52  Refinery  
  178  13:59  Siege Tank  
  178  14:02  Starport Tech Lab x3  
  181  14:04  Viking x2  
  185  14:12  Hellbat x2  
  185  14:13  Hellbat x2  
  185  14:14  Orbital Command  
  179  14:21  Cloaking Field, Banshee x3  
  179  14:23  Hyperflight Rotors  
  185  14:26  SCV x3  
  185  14:27  SCV  
  190  14:33  Hellbat x2, Hellion  
  190  14:34  Hellbat x4  
  190  14:35  Viking x2  
  191  14:48  SCV  
  191  14:49  SCV x2  
  192  15:00  Hellion x7  
  192  15:04  Banshee x3  
  192  15:06  Siege Tank x3  
  198  15:07  Hellbat x3  
  162  15:14  Orbital Command  
  162  15:15  Viking x2  
  153  15:31  Liberator x2  
  153  15:33  Hellion x4  
  160  15:38  SCV x2, Siege Tank x3  
  160  15:39  SCV x3  
  171  15:47  Banshee x3  
  186  15:50  Planetary Fortress  
  186  15:52  SCV x5  
  191  15:58  Smart Servos  
  184  16:23  Siege Tank x3, Hellion  
  184  16:24  Hellion x3  
  184  16:28  SCV  
  184  16:29  SCV x3  
  184  16:30  Refinery  
  184  16:31  Refinery  
  181  16:40  SCV  
  181  16:41  SCV  
  175  16:51  SCV x2  
  175  16:52  SCV  
  143  17:09  Viking x2  
  143  17:15  Siege Tank x3  
  138  17:24  SCV x3  
  130  17:31  Armory  
  109  17:39  Orbital Command  
  100  17:44  SCV x3  
  100  17:46  Viking x5  
  114  17:56  SCV x2  
  114  17:57  Missile Turret  
  116  17:58  Missile Turret  
  116  18:02  Missile Turret  
  116  18:03  Factory Tech Lab  
  107  18:10  Widow Mine  
  107  18:11  Widow Mine x3  
  101  18:16  Viking x5  
  105  18:20  Thor  
  105  18:22  Factory Tech Lab  
  103  18:32  Widow Mine x3  
  103  18:33  Widow Mine  
  109  18:40  Widow Mine  
Show
View Real Time Build Order
Export as new Build Order

JinairRogue Zerg - Winner!

Build Orders: Hatch First, Swarm Host 

Get SALT Encoding   

  12  0:00  Drone  
  13  0:12  Overlord  
  13  0:16  Drone  
  14  0:30  Drone x2  
  14  0:34  Drone  
  17  0:51  Hatchery  
  17  0:54  Drone  
  17  0:57  Drone  
  18  1:08  Extractor  
  17  1:13  Spawning Pool  
  17  1:15  Drone  
  17  1:18  Drone  
  18  1:28  Drone  
  19  1:38  Overlord  
  19  1:59  Queen  
  19  2:00  Zergling x4  
  23  2:02  Queen  
  23  2:04  Zergling x2  
  23  2:07  Metabolic Boost  
  26  2:11  Drone  
  26  2:14  Drone  
  28  2:23  Drone  
  28  2:25  Drone  
  30  2:33  Drone  
  30  2:35  Queen  
  33  2:38  Drone  
  33  2:43  Overlord  
  34  2:48  Drone  
  35  2:54  Drone  
  36  3:04  Drone  
  37  3:06  Drone  
  37  3:07  Drone x3  
  37  3:11  Drone x2  
  37  3:12  Drone  
  44  3:21  Hatchery  
  44  3:24  Overlord  
  44  3:25  Drone  
  44  3:40  Overlord  
  44  3:42  Drone x6  
  44  3:44  Drone x2  
  52  3:50  Overlord  
  52  3:54  Evolution Chamber  
  52  3:55  Drone x2, Evolution Chamber  
  52  3:58  Drone  
  53  4:03  Drone  
  53  4:07  Drone  
  55  4:11  Queen  
  55  4:14  Drone x4  
  61  4:17  Drone x3  
  61  4:19  Overlord  
  64  4:26  Overlord  
  64  4:29  Roach Warren, Extractor  
  64  4:30  Extractor  
  61  4:35  Queen  
  63  4:41  Zergling x6  
  63  4:42  Zergling x2  
  67  4:45  Zerg Missile Weapons Level 1  
  67  4:46  Zerg Ground Armor Level 1  
  67  4:51  Lair  
  67  4:57  Drone x3  
  69  5:03  Spore Crawler  
  68  5:08  Roach x2  
  68  5:10  Roach x4  
  68  5:12  Drone  
  81  5:15  Overlord  
  81  5:16  Overlord  
  81  5:17  Drone  
  81  5:19  Overlord  
  82  5:25  Overlord  
  82  5:27  Extractor  
  82  5:28  Drone, Extractor  
  81  5:30  Spore Crawler  
  81  5:32  Overlord  
  79  5:36  Drone x6  
  79  5:38  Drone  
  79  5:40  Extractor  
  79  5:42  Drone  
  86  5:53  Hatchery  
  86  5:54  Ravager x2  
  86  5:55  Spire  
  86  5:57  Drone x3  
  86  5:59  Overseer  
  86  6:01  Roach x2  
  93  6:05  Drone  
  93  6:06  Drone x4  
  93  6:10  Drone x2  
  100  6:11  Drone  
  100  6:13  Roach x2  
  104  6:19  Infestation Pit  
  104  6:22  Overlord  
  104  6:23  Glial Reconstitution  
  103  6:28  Roach x3  
  103  6:29  Overlord  
  109  6:37  Overlord x2  
  109  6:38  Drone x4  
  113  6:42  Overlord  
  113  6:46  Drone x5  
  118  6:49  Overlord  
  118  6:51  Overlord  
  118  7:02  Drone  
  118  7:04  Spore Crawler  
  118  7:07  Mutalisk x7  
  132  7:11  Mutalisk  
  132  7:15  Drone x3  
  136  7:17  Extractor x2  
  136  7:20  Roach x3  
  136  7:21  Roach x2  
  136  7:22  Roach  
  147  7:28  Overlord  
  147  7:32  Drone  
  147  7:35  Hatchery  
  141  7:59  Overlord x3  
  141  8:02  Swarm Host x10  
  141  8:04  Overlord  
  150  8:07  Swarm Host x2  
  156  8:14  Drone, Queen  
  156  8:16  Overlord x2  
  157  8:25  Zerg Ground Armor Level 2, Zerg Missile Weapons Level 2  
  157  8:33  Roach x6  
  169  8:40  Roach x4, Hatchery  
  176  8:41  Overlord  
  176  8:52  Swarm Host x4  
  176  8:54  Roach  
  176  8:55  Roach x2  
  194  9:05  Roach x3  
  200  9:10  Hive  
  196  9:21  Ravager x3  
  195  9:41  Ravager x4  
  195  9:43  Roach x2  
  185  9:56  Roach x7  
  189  10:17  Roach x5  
  199  10:22  Hydralisk Den  
  194  10:30  Ravager  
  194  10:31  Ravager x5  
  196  10:36  Roach x2  
  196  10:47  Roach x6  
  196  10:51  Roach x2  
  197  10:58  Roach  
  197  11:08  Roach x16  
  200  11:12  Zerg Ground Armor Level 3, Zerg Missile Weapons Level 3  
  200  11:23  Ravager  
  200  11:24  Ravager x4  
  198  11:33  Ravager x2  
  198  11:36  Roach  
  163  11:47  Drone x10  
  163  11:48  Drone x8  
  179  11:58  Roach x10  
  199  12:04  Hatchery  
  199  12:07  Spine Crawler  
  199  12:08  Spine Crawler  
  196  12:12  Extractor  
  196  12:14  Extractor  
  194  12:17  Roach x3  
  200  12:24  Spore Crawler  
  193  12:35  Roach x2  
  193  12:36  Roach x6  
  200  12:39  Ravager  
  200  12:42  Drone x2  
  200  12:43  Drone  
  200  12:44  Zerg Flyer Armor Level 1  
  200  13:02  Grooved Spines  
  200  13:20  Hatchery  
  199  13:36  Ravager, Extractor  
  199  13:43  Ravager  
  198  13:58  Ravager  
  198  13:59  Ravager x4  
  198  14:02  Roach  
  199  14:05  Zerg Melee Weapons Level 1  
  199  14:14  Muscular Augments  
  167  14:17  Roach x9  
  167  14:18  Roach x7  
  198  14:33  Roach x2  
  193  14:39  Overseer  
  193  14:46  Zerg Flyer Weapons Level 1  
  193  14:48  Ravager x3  
  193  14:49  Ravager, Spire  
  198  14:53  Roach x2  
  191  15:01  Roach x4  
  181  15:14  Roach x18  
  168  15:15  Roach x2  
  200  15:36  Burrow  
  200  15:41  Tunneling Claws  
  192  16:23  Mutalisk x2  
  192  16:24  Mutalisk x15, Zerg Flyer Armor Level 2  
  200  16:27  Mutalisk x2  
  200  16:31  Mutalisk  
  200  16:32  Roach x4, Overseer x2  
  200  16:33  Roach x2  
  200  16:34  Pneumatized Carapace  
  195  16:40  Mutalisk  
  195  16:41  Mutalisk  
  192  16:48  Mutalisk x4  
  196  16:58  Roach  
  198  17:03  Drone x4  
  198  17:04  Drone x2  
  189  17:20  Roach  
  189  17:21  Roach x8  
  198  17:28  Roach x5  
  190  17:35  Drone x4  
  190  17:36  Drone  
  189  17:42  Swarm Host  
  189  17:43  Swarm Host x3  
  198  17:55  Roach  
  198  17:56  Drone  
  198  17:57  Drone x2  
  189  18:11  Spore Crawler x2  
  179  18:15  Hydralisk x10  
  179  18:18  Spore Crawler x2  
  179  18:19  Spore Crawler  
  196  18:21  Hydralisk x2  
  196  18:23  Overlord  
  199  18:29  Hydralisk  
  199  18:33  Spore Crawler x2  
  198  18:37  Overlord  
  198  18:39  Overlord  
Tags
 
Add a new tag
Caveats
  • Supply blocks, unpowered buildings, or Contaminate may cause inaccurate times.
  • Supply counts are checked every 10 seconds.